 Dungeon Crawl Stone Soup version 0.29.1-2-gbd0b4ee654 (webtiles) character file.

Game seed: 11546759725495917918

16 H0rd4k the Charlatan (level 2, 0/18 (19) HPs)
             Began as an Octopode Artificer on Dec 1, 2022.
             Slain by a gnoll
             ... wielding a +0 spear
              (4 damage)
             ... on level 2 of the Dungeon.
             The game lasted 00:00:39 (1319 turns).

H0rd4k the Charlatan (Octopode Artificer)           Turns: 1319, Time: 00:00:40

HP:   0/18 (19)     AC:  1    Str: 11    XL:     2   Next: 54%
MP:   3/3           EV: 13    Int: 19    God:
Gold: 91            SH:  0    Dex: 12    Spells: 3/3 levels left

rFire   . . .      SeeInvis .   i - +2 short sword (venom)
rCold   . . .      Faith    .   (no shield)
rNeg    . . .      Spirit   .   (helmet restricted)
rPois   .          Reflect  .   (no amulet)
rElec   .          Harm     .   f - +6 ring of intelligence
rCorr   .          Rampage  .   (no ring)
Will    .....                   (no ring)
Stlth   +++.......              (no ring)
HPRegen 0.06/turn               (no ring)
MPRegen 0.08/turn               (no ring)
                                (no ring)
                                (no ring)

@: drained
A: almost no armour, amphibious, 8 rings, camouflage 1, gelatinous body 1,
(nimble swimmer 1), tentacles
a: no special abilities


You were on level 2 of the Dungeon.
You visited 1 branch of the dungeon, and saw 2 of its levels.

You collected 91 gold pieces.

Inventory:

Hand Weapons
 i - a +2 short sword of venom (weapon)
Magical Staves
 k - a staff of conjuration
Jewellery
 f - a +6 ring of intelligence (left tentacle)
Wands
 b - a wand of flame (15) (quivered)
 c - a wand of charming (15)
 d - a wand of iceblast (5)
Scrolls
 e - a scroll of identify {unknown}
 g - a scroll of teleportation {unknown}
 m - a scroll of brand weapon {unknown}
 n - a scroll of fog {unknown}
Potions
 a - 2 potions of curing {unknown}
 h - a potion of might {unknown}
 j - a potion of mutation {unknown}
 l - a potion of heal wounds {unknown}


   Skills:
 * Level 1.7 Fighting
 - Level 2.3 Dodging
 - Level 1.3 Stealth
 + Level 0.4 Unarmed Combat
 * Level 1.1 Spellcasting
 - Level 3.2 Evocations


You had 3 spell levels left.
You didn't know any spells.
Your spell library was empty.

Dungeon Overview and Level Annotations

Branches:
Dungeon (2/15)

Altars:
Dithmenos


Innate Abilities, Weirdness & Mutations

You cannot wear most types of armour.
You are amphibious.
You can wear up to eight rings at the same time.
Your skin changes colour to match your surroundings (Stealth+).
Your rubbery body absorbs attacks. (AC +1, EV +1)
((You are camouflaged when in or above water. (Stealth+)))
You have tentacles for arms and can constrict up to eight enemies at once.


Message History

You hit the dart slug.
The dart slug is poisoned.
You grab the dart slug.
You squeeze the dart slug, but do no damage.
The dart slug is lightly wounded.
You constrict the dart slug. The dart slug launches a dart at you.
The slug dart misses you.
A dart slug is nearby!
You hit the dart slug.
The dart slug looks as sick as possible!
The dart slug is severely wounded.
You constrict the dart slug.
You kill the dart slug!
You see here a dart slug corpse.
A gnoll comes into view. It is wielding a +0 spear.
Found a dagger.
The gnoll shouts!
You hear a shout!
A gnoll comes into view. It is wielding a +0 spear.
There are monsters nearby! 2 gnolls come into view.
Found a scroll labelled IPNAWKU PIZXEPN.
The gnoll shouts!
A frilled lizard comes into view.
The gnoll moves out of view.
There are monsters nearby!
Found 8 gold pieces.
The gnoll closely misses you.
A goblin comes into view. It is wielding a +0 dagger of venom.
The goblin shouts!
The gnoll shouts!
The frilled lizard hisses angrily.
You hear an angry hiss.
The gnoll barely misses you. The gnoll hits you with a +0 spear.
There are monsters nearby!
You hit the gnoll but do no damage.
The gnoll is poisoned.
Your grab misses the gnoll.
The gnoll hits you from afar with a +0 halberd!
* * * LOW HITPOINT WARNING * * *
The gnoll closely misses you. The gnoll barely misses you.
There are monsters nearby!
The gnoll attacks as you move away! The gnoll closely misses you.
The gnoll attacks as you move away! The gnoll misses you.
The gnoll hits you from afar with a +0 spear.
You die...

#.#######
###..#.#...#
...#. .#
#......###.# ..
######.##..## .#
#.....†....# #
#..........#
#..........#
###.....####
#.....#######.
#....#@....g..
#....##........
......##gg......
...##. lgg.....#
##. ....)......#
. ...$.......#
####......?#
#........
..#######


You could see 4 gnolls, a goblin and a frilled lizard.

Vanquished Creatures
  A dart slug (D:2)
  A ball python (D:1)
  An endoplasm (D:1)
  A goblin (D:2)
  A hobgoblin (D:1)
  3 quokkas (D:1)
  4 frilled lizards
  A kobold (D:1)
13 creatures vanquished.

Notes
Turn   | Place    | Note
-------+----------+-------------------------------------------
     0 | D:1      | H0rd4k the Octopode Artificer began the quest for the Orb.
     0 | D:1      | Reached XP level 1. HP: 13/13 MP: 1/1
   222 | D:1      | Found a faded altar of an unknown god.
   763 | D:1      | Reached XP level 2. HP: 7/18 MP: 3/3
  1064 | D:1      | Reached skill level 1 in Spellcasting
  1291 | D:2      | Found a shadowy altar of Dithmenos.
  1319 | D:2      | Slain by a gnoll

Illustrated notes

Levels and vault maps discovered:
D:1:      roderic_crossed_star, layout_loops_ring, basic_ecumenical_altar,
          hex_tiny
D:2:      layout_rooms, basic_altar

Skill      XL: |  1  2 |
---------------+-------+-----
Spellcasting   | 1 |  1.1
Fighting       | |  1.7
Dodging        | |  2.3
Stealth        | |  1.3
Unarmed Combat | |  0.4
Evocations     | |  3.2

Action                   || total
-------------------------++-------
Melee: Unarmed           ||    21
       Constrict         ||     9
       Tentacles         ||     6
       Club              ||     3
       Short sword       ||     6
 Stab: Sleeping          ||     3
Armor: Skin              ||     2
Dodge: Dodged            ||    16
